[Event "*** Titled Tuesday 3|2 Blitz"]
[Site "Chess.com"]
[Date "2016.07.05"]
[Round "6"]
[White "MFBerna"]
[Black "Journey_to_GrandMaster_YT"]
[Result "1-0"]
[WhiteElo "2273"]
[BlackElo "2414"]
[TimeControl "180+2"]
[EndTime "18:14:22 PDT"]
[Termination "MFBerna won by resignation"]

1. d4 d6 2. c4 Nf6 3. Nc3 Nbd7 4. Nf3 e5 5. Bg5 Be7 6. e3 O-O 7. Be2 c6 8. O-O e4 9. Nd2 d5 10. cxd5 cxd5 11. f3 exf3 12. Nxf3 h6 13. Bh4 Re8 14.
Qb3 Nb6 15. Ne5 Be6 16. Bb5 Rf8 17. a4 Ne4 18. Bxe7 Qxe7 19. Nxe4 dxe4 20. Qc2 f5 21. Ng6 Qg5 22. Nxf8 Rxf8 23. Qd2 a6 24. a5 Nc8 25. Be2 Nd6 26. Rac1 Bd5 27. Rc5 Bc6 28. d5 Be8 29. Qd4 Rf7 30. Kh1 h5 31.
Rf4 h4 32. Qe5 h3 33. gxh3 Rd7 34. Rc8 Kf8 35. Rxe8+ Nxe8 36. Rxf5+ Qf6 37. Rxf6+ Nxf6 38. d6 Ne8 39. Qf5+ Rf7 40. Qe6 Nf6 41. Qc8+ 1-0

[Event "*** Titled Tuesday 3|2 Blitz"]
[Site "Chess.com"]
[Date "2016.07.05"]
[Round "6"]
[White "bilelou"]
[Black "RobertoJBM"]
[Result "0-1"]
[WhiteElo "2280"]
[BlackElo "2334"]
[TimeControl "180+2"]
[EndTime "18:14:25 PDT"]
[Termination "RobertoJBM won by resignation"]

1. d4 d5 2. c4 c6 3. Nf3 Nf6 4. e3 Bf5 5. Nc3 e6 6. Nh4 Bg6 7. h3 Nbd7 8. g4 Ne4 9. Nxg6 Nxc3 10. bxc3 hxg6 11. Qb3 Qb6 12. Bg2 Qxb3 13. axb3 a6 14. Ke2 Be7 15. c5 f5 16. b4 Kf7 17. f4 fxg4 18.
hxg4 Rxh1 19. Bxh1 Rh8 20. Bg2 g5 21. Bd2 Nf6 22.
fxg5 Nxg4 23. e4 Rh2 24. Rg1 dxe4 25. Bf4 Rh4 26. Bg3 Bxg5 27. Bxh4 Bxh4 28. Bxe4 Nf6 29. Bf3 g5 30. Kd3 Kg6 31. Rg2 Kf5 32. c4 g4 33. Bd1 g3 34. Ke3 Ng4+ 35. Kf3 Nh2+ 36. Ke2 Ke4 37. b5 axb5 38. cxb5 cxb5 39. Bb3 Kxd4 40.
Bxe6 Kxc5 41. Ke3 b4 42. Kd3 Nf3 43. Ke3 Nd4 44. Bf5 Nxf5+ 45. Kf4 Nd4 46. Kg4 Be7 47. Kxg3 Kc4 48. Kf4 Bc5 49. Ke4 b3 50. Ke5 b6 51.
Ke4 Nc2 52. Ke5 Kc3 53. Kd5 Ne3+ 0-1

[Event "*** Titled Tuesday 3|2 Blitz"]
[Site "Chess.com"]
[Date "2016.07.05"]
[Round "6"]
[White "Izoria123"]
[Black "JusticeBot"]
[Result "1-0"]
[WhiteElo "2605"]
[BlackElo "2554"]
[TimeControl "180+2"]
[EndTime "18:14:35 PDT"]
[Termination "Izoria123 won by resignation"]

1. d4 Nf6 2. Nf3 e6 3. c4 b6 4. a3 Bb7 5. Nc3 d5 6. cxd5 Nxd5 7. e3 Be7 8. Bb5+ c6 9. Bd3 O-O 10. Qc2 f5 11. e4 Nxc3 12. bxc3 Ba6 13. O-O Bxd3 14.
Qxd3 fxe4 15. Qxe4 Qd5 16. Qe2 Bd6 17. Re1 Rf6 18.
c4 Qf5 19. Bg5 Rg6 20. Bh4 Nd7 21. Bg3 Bxg3 22. hxg3 Rf6 23. a4 Raf8 24. Ra3 g5 25. Re3 g4 26. Nh2 c5 27. Nxg4 Rg6 28. Re4 cxd4 29. Rxd4 e5 30. Rxd7 Rxg4 31. Rxa7 e4 32. Re7 Qc5 33. Rxe4 Rxe4 34. Qxe4 Qxf2+ 35. Kh2 Rf6 36. Qe8+ Kg7 37. Re7+ Kh6 38. Re4 Qf5 39. Qe7 Kg6 40. Rf4 Qh5+ 41. Rh4 1-0

[Event "*** Titled Tuesday 3|2 Blitz"]
[Site "Chess.com"]
[Date "2016.07.05"]
[Round "6"]
[White "underdogchss"]
[Black "WanderingPuppet"]
[Result "1-0"]
[WhiteElo "2354"]
[BlackElo "2274"]
[TimeControl "180+2"]
[EndTime "18:14:35 PDT"]
[Termination "underdogchss won by resignation"]

1. d4 Nf6 2. c4 g6 3. Nc3 Bg7 4. e4 d6 5. Nf3 O-O 6. h3 e5 7. d5 Na6 8. g4 Nc5 9. Qc2 c6 10. b4 Na6 11. a3 cxd5 12. exd5 e4 13. Ng1 Re8 14. Bb2 e3 15. O-O-O Bd7 16. Nf3 Rc8 17.
Kb1 b5 18. cxb5 Ne4 19. Qxe4 Rxe4 20. Nxe4 Bxb2 21. Kxb2 f5 22. gxf5 Bxf5 23. Nfg5 Nc7 24. Bc4 Qe7 25. f3 h6 26. h4 Qg7+ 27. Kb3 hxg5 28.
Nxd6 Rf8 29. hxg5 Ne8 30. Nxf5 Rxf5 31. d6+ Kf8 32. d7 Qe7 33. Rh8+ Kg7 34. Rg8+ 1-0

[Event "*** Titled Tuesday 3|2 Blitz"]
[Site "Chess.com"]
[Date "2016.07.05"]
[Round "6"]
[White "Viaje"]
[Black "Zenzo"]
[Result "0-1"]
[WhiteElo "2122"]
[BlackElo "2331"]
[TimeControl "180+2"]
[EndTime "18:14:41 PDT"]
[Termination "Zenzo won on time"]

1. d4 Nf6 2. c4 e6 3. Nc3 Bb4 4. f3 d5 5. a3 Bxc3+ 6. bxc3 c5 7. cxd5 Nxd5 8. dxc5 Qa5 9. e4 Nf6 10. Be3 Nfd7 11. Qb3 O-O 12. a4 Nc6 13. Bb5 Rd8 14. Ne2 Nde5 15. O-O a6 16. Bxc6 Nxc6 17. Rfd1 Bd7 18.
Rd6 Qc7 19. Qb6 Rac8 20. Rad1 Qxb6 21. cxb6 Be8 22. c4 Rxd6 23. Rxd6 Na5 24. Rd4 Nxc4 25. Bg5 Bxa4 26. Nc3 Be8 27. Bd8 a5 28. Bc7 Nb2 29. Rd2 Nc4 30. Rd4 Nxb6 31. Bxb6 Rxc3 32. Bxa5 Rc8 33.
Kf2 Bc6 0-1

[Event "*** Titled Tuesday 3|2 Blitz"]
[Site "Chess.com"]
[Date "2016.07.05"]
[Round "6"]
[White "Hikaru"]
[Black "EltajSafarli"]
[Result "0-1"]
[WhiteElo "2986"]
[BlackElo "2836"]
[TimeControl "180+2"]
[EndTime "18:14:53 PDT"]
[Termination "EltajSafarli won by resignation"]

1. d4 e6 2. c4 b6 3. e4 Bb7 4.
Bd3 Bb4+ 5. Bd2 Bxd2+ 6. Nxd2 Ne7 7.
Ngf3 O-O 8. O-O d6 9. d5 Ng6 10. Re1 Nd7 11. Nf1 a5 12. Ne3 Nc5 13. Bc2 c6 14.
dxc6 Bxc6 15. Nf1 Ne5 16. Nd4 Rc8 17. b3 Bb7 18. Qd2 Re8 19. Nb5 Qf6 20. f4 Ng6 21.
Nxd6 Nxf4 22. Nxc8 Rxc8 23. Rad1 h5 24. Qf2 e5 25.
Ng3 Qg5 26. Qf3 Nce6 27. Nf5 h4 28. Nd6 Rc7 29. Nxb7 Rxb7 30. Kh1 Nd4 31. Rxd4 exd4 32. e5 Rd7 33. Rf1 d3 34. Bd1 Ne6 35. Qa8+ Rd8 36. Qb7 Qxe5 37. Qxf7+ Kh7 38. Rf5 Qe1+ 39. Rf1 Qe5 40. Rf5 Qe1+ 41. Rf1 Qe5 42. Bg4 Nd4 43. Bh5 Qg5 44. Bd1 d2 45. h3 Rd6 46. Bg4 Qe3 47.
Bf5+ Nxf5 48. Qxf5+ Kh6 49. Qg4 Rd4 50. Qd1 Re4 51.
Rg1 Qxg1+ 0-1

[Event "*** Titled Tuesday 3|2 Blitz"]
[Site "Chess.com"]
[Date "2016.07.05"]
[Round "6"]
[White "vellottiwizard"]
[Black "aripov96"]
[Result "1-0"]
[WhiteElo "2507"]
[BlackElo "2277"]
[TimeControl "180+2"]
[EndTime "18:14:59 PDT"]
[Termination "vellottiwizard won by checkmate"]

1. b4 e6 2. a3 c5 3. bxc5 Bxc5 4. e3 Nf6 5. c4 O-O 6. Nf3 d5 7. d4 Be7 8. Nc3 Ne4 9. Qc2 Nxc3 10. Qxc3 Nd7 11. Bd3 Nf6 12. O-O dxc4 13. Bxc4 b6 14. Bb2 Bb7 15. Ne5 Rc8 16. Qd3 Bd6 17. Rad1 Bxe5 18.
dxe5 Ne4 19. Bd4 Qg5 20. f3 Nc5 21. Qe2 Rfd8 22. e4 h5 23. Bb5 h4 24. h3 Nb3 25.
Bb2 Nd2 26. f4 Qe7 27. Rxd2 Rxd2 28. Qxd2 Qc5+ 29. Qf2 Qxb5 30. f5 Bxe4 31. fxe6 fxe6 32. Qf7+ Kh8 33. Qxe6 Re8 34. Qf7 Bc6 35. Qh5+ Kg8 36.
Qf7+ Kh8 37. Rf2 Qd5 38. e6 Qd1+ 39. Kh2 Qd6+ 40. Rf4 Rg8 41. Qh5# 1-0

[Event "*** Titled Tuesday 3|2 Blitz"]
[Site "Chess.com"]
[Date "2016.07.05"]
[Round "6"]
[White "popov_m"]
[Black "ruifeng"]
[Result "0-1"]
[WhiteElo "2182"]
[BlackElo "2326"]
[TimeControl "180+2"]
[EndTime "18:15:01 PDT"]
[Termination "ruifeng won by resignation"]

1. Nf3 d6 2. c4 e5 3. d4 e4 4. Ng5 f5 5. Nc3 Be7 6. Nh3 Nf6 7. Bg5 c6 8. e3 O-O 9. Nf4 Na6 10. h4 Nc7 11. d5 Ng4 12. Bxe7 Qxe7 13. Be2 Ne5 14. Qd2 c5 15. a3 Bd7 16. b4 b6 17. Rb1 Na6 18. Kf1 g6 19. g3 h6 20. Ne6 Bxe6 21. dxe6 Qxe6 22. Nd5 Rad8 23. Kg2 Nb8 24. bxc5 dxc5 25. Qc3 Nbc6 26. a4 Rd7 27. Rhd1 Rfd8 28. Rd2 Ne7 29. Nf4 Qf6 30. Rbd1 Rxd2 31. Rxd2 Rd6 32. Rxd6 Qxd6 33. a5 Kf7 34. axb6 axb6 35. Qb2 Kf6 36. Nh3 Kf7 37. Nf4 g5 38. hxg5 hxg5 39. Nh3 Kg6 40. Qb1 Qe6 41. Qh1 Qf6 42. Ng1 Ng4 43. Bxg4 fxg4 44. Qh2 Nc6 45. Kh1 Ne5 46. Qg2 Nf3 47. Qf1 Qh8+ 0-1

[Event "*** Titled Tuesday 3|2 Blitz"]
[Site "Chess.com"]
[Date "2016.07.05"]
[Round "6"]
[White "AdrianaNikolova"]
[Black "proxy6"]
[Result "0-1"]
[WhiteElo "2283"]
[BlackElo "1938"]
[TimeControl "180+2"]
[EndTime "18:16:17 PDT"]
[Termination "proxy6 won by checkmate"]

1. e4 c5 2. Nf3 d6 3. d4 cxd4 4. Nxd4 Nf6 5. Nc3 Nc6 6. Bg5 e6 7. Qd2 a6 8. O-O-O Bd7 9. f4 b5 10. Nf3 h6 11. Bxf6 gxf6 12. e5 d5 13. exf6 Qxf6 14.
Nxd5 exd5 15. Qxd5 O-O-O 16. Bd3 Bg7 17. c3 Bg4 18. Qc5 Kb7 19. Kb1 Qd6 20. Qf2 Qxf4 21. h3 Be6 22. Rhe1 Qc7 23. Be4 Qb6 24. Qg3 Bf6 25. Qf4 Bg5 26. Nxg5 hxg5 27. Qxg5 Rhg8 28. Qe7+ Qc7 29. Qc5 Rxd1+ 30. Rxd1 Rc8 31. Rd6 Qb6 32. Qg5 Qg1+ 33. Kc2 Qf2+ 34. Rd2 Qb6 35. Qe7+ Qc7 36. Qc5 Qb6 37. Qe7+ Rc7 38. Qd6 Ka7 39. Qf8 a5 40. g4 b4 41. g5 b3+ 42. axb3 Qxb3+ 43. Kc1 Qb6 44. h4 Qg1+ 45. Kc2 Nb4+ 46. Qxb4 axb4 47. g6 b3+ 48. Kd3 Bc4# 0-1

[Event "*** Titled Tuesday 3|2 Blitz"]
[Site "Chess.com"]
[Date "2016.07.05"]
[Round "6"]
[White "E-Shaposhnikov"]
[Black "jcibarra"]
[Result "1-0"]
[WhiteElo "2679"]
[BlackElo "2661"]
[TimeControl "180+2"]
[EndTime "18:16:35 PDT"]
[Termination "E-Shaposhnikov won by resignation"]

1. e4 c5 2. Nf3 d6 3. Bc4 Nf6 4.
e5 dxe5 5. Nxe5 e6 6. Qe2 Bd6 7.
b3 O-O 8. Bb2 Nbd7 9. f4 b6 10.
O-O Bb7 11. a4 Nd5 12. g3 Qc7 13. Nf3 Rfe8 14. Nc3 Nxc3 15. Bxc3 Rad8 16. a5 Bd5 17. axb6 axb6 18. Ng5 h6 19. Ne4 Bf8 20. Bb5 Ra8 21. d3 Rxa1 22. Rxa1 Ra8 23. Rxa8 Bxa8 24. Qg4 Bc6 25.
Bxc6 Qxc6 26. f5 exf5 27. Qxf5 Be7 28. Qf4 h5 29. Qf5 g6 30. Qf4 Qe6 31. Kf2 f5 32.
Ng5 Qd5 33. h3 Nf8 34. Nf3 Bd6 35. Qh6 Kf7 36. Qh8 Ke8 37. Bg7 Qf7 38. Ng5 Qe7 39. Nh7 Bxg3+ 40. Kf3 Qe1 41. Qxf8+ Kd7 42. Nf6+ Kc7 43. Qf7+ Kb8 44. Qe8+ Kc7 45. Qxe1 Bxe1 46.
c4 Kd6 47. Nd5 b5 48. Bf6 bxc4 49. dxc4 Bd2 50. h4 Ke6 51. Bc3 Bh6 52. Nf4+ Kf7 53.
Nd3 Bf8 54. Be1 Be7 55. Bf2 g5 56. hxg5 Bxg5 57. Nxc5 Kf6 58. Nd3 Ke6 59. Nf4+ Ke5 60. Nxh5 Bd2 61. Nf4 Bxf4 62. Bg3 Bxg3 63. Kxg3 Ke4 64.
Kf2 Kf4 65. c5 Ke5 66. b4 Kd5 67. Kf3 1-0

[Event "*** Titled Tuesday 3|2 Blitz"]
[Site "Chess.com"]
[Date "2016.07.05"]
[Round "6"]
[White "LonesomeGeorge1"]
[Black "SwiftyMcBishop"]
[Result "1/2-1/2"]
[WhiteElo "2283"]
[BlackElo "2063"]
[TimeControl "180+2"]
[EndTime "18:16:54 PDT"]
[Termination "Game drawn by agreement"]

1. e4 d5 2. exd5 Qxd5 3. Nc3 Qa5 4. Bc4 c6 5. d3 Bf5 6. Bd2 Nd7 7. Qe2 e6 8. O-O-O Qc7 9. g4 Bg6 10. f4 O-O-O 11. Rf1 Ngf6 12. h4 h5 13. f5 exf5 14. gxf5 Bh7 15. Bxf7 Bd6 16. Be6 Rde8 17. Nh3 Kb8 18. Ng5 Nc5 19. Qg2 Bg8 20. Bxg8 Rhxg8 21. Nge4 Ncxe4 22. Nxe4 Nxe4 23. dxe4 Be5 24. Qf3 Rd8 25.
Bc3 Rge8 26. Rhg1 Qd7 27. Bxe5+ Rxe5 28. Qc3 Rxe4 29. Rxg7 Qd6 30. f6 Rf4 31. Rgg1 Rxh4 32. b3 Qa3+ 33. Qb2 Qxb2+ 34. Kxb2 Rg4 35. f7 Rf8 36. Rh1 Rg7 37. Rxh5 Rgxf7 38. Rxf7 Rxf7 39. a4 Kc7 40. b4 a6 41. Kb3 Rf3+ 42. c3 Rf7 43. a5 Re7 44. Kc4 Rd7 45. Rh4 Re7 46. Rh3 Re4+ 47. Kd3 Re7 48. Kd4 Rd7+ 49. Ke5 Re7+ 50.
Kf6 Rd7 51. Re3 Rd6+ 52. Ke7 Rd7+ 53. Ke8 Rd8+ 54. Kf7 Rd7+ 55. Re7 Kd6 56. Rxd7+ Kxd7 57. Kf6 Kd6 58. c4 Kd7 59. c5 Kc7 60. Ke7 Kc8 61. Ke6 Kc7 62. Ke7 Kc8 63. Kd6 Kd8 64. Ke6 Kc7 65. Kf6 Kd7 66. Kf7 Kc7 67. Ke8 Kc8 68. Ke7 Kc7 69. Kf6 Kd8 70. Ke6 Ke8 71. Kd6 Kd8 72. Ke6 Ke8 73. Kd6 1/2-1/2

[Event "*** Titled Tuesday 3|2 Blitz"]
[Site "Chess.com"]
[Date "2016.07.05"]
[Round "6"]
[White "anon97531"]
[Black "chessking2151"]
[Result "0-1"]
[WhiteElo "2279"]
[BlackElo "2327"]
[TimeControl "180+2"]
[EndTime "18:17:37 PDT"]
[Termination "chessking2151 won by resignation"]

1. e4 e5 2. f4 exf4 3. Nf3 Ne7 4. h4 h5 5. d4 Ng6 6. Bc4 c6 7. d5 Be7 8. d6 Bf6 9. e5 Nxe5 10. Nxe5 Bxe5 11.
Qe2 Qf6 12. Nc3 O-O 13. Ne4 Qg6 14. Ng5 Qxd6 15. Qxh5 Qh6 16. Bxf7+ Kh8 17. O-O d6 18. Bg6 Qxh5 19. Bxh5 Bd7 20. Nf7+ Kh7 21. Bxf4 Bxf4 22.
Rxf4 Na6 23. Raf1 g6 24. Be2 Kg7 25. Bxa6 bxa6 26. Nxd6 Rxf4 27. Rxf4 Be6 28. Ne4 Rd8 29. Ng5 Bg8 30. b3 a5 31. Rf2 a4 32. Re2 Kf6 33. Ne4+ Kg7 34. Nc5 axb3 35. axb3 Rd5 36. Ne6+ Kf6 37.
Nf4 Rd1+ 38. Kf2 Bf7 39. g3 a5 40. Ke3 Kf5 41. Rd2 Re1+ 42. Ne2 Bd5 43. Kf2 Rh1 44. Nd4+ Kg4 45. Ne2 Kf5 46. Ke3 Ke5 47. c4 Be6 48. Nf4 Bf5 49. Rd8 Re1+ 50. Kd2 Rb1 51.
Kc3 Rc1+ 52. Kb2 Rc2+ 53. Ka3 Rc3 54. Ka4 Rxg3 55. Ne2 Rg2 56. Nc3 Rb2 57. Rd1 Bc2 58. Re1+ Kd4 59. Ne2+ Ke3 60. Kxa5 Kd2 61. Rg1 Kxe2 62.
b4 Kf3 63. b5 cxb5 64. cxb5 Be4 65. b6 Kf4 66. Ka6 Bc6 67. Ka7 Be4 68. Ka6 Rb4 69.
Ka5 Rb2 70. Ka6 Kf5 71. Rg5+ Kf6 72. Ka7 Kg7 73. Re5 Bg2 74. h5 Kf6 75. Ra5 g5 76.
Ra6 Kg7 77. Kb8 g4 78. Ra7+ Kh6 79. b7 Rxb7+ 80. Rxb7 Bxb7 0-1

[Event "*** Titled Tuesday 3|2 Blitz"]
[Site "Chess.com"]
[Date "2016.07.05"]
[Round "6"]
[White "MaestroASK"]
[Black "LaStreetCmaMaison"]
[Result "1-0"]
[WhiteElo "2496"]
[BlackElo "2475"]
[TimeControl "180+2"]
[EndTime "18:18:21 PDT"]
[Termination "MaestroASK won by checkmate"]

1. g3 e5 2. d3 h5 3. h4 Bc5 4.
Bg2 Nf6 5. e4 Ng4 6. Nh3 d6 7. Qe2 c6 8. f3 Nf6 9. Nd2 Na6 10. Nb3 Bb6 11. Nf2 Be6 12. Bh3 Qd7 13.
Bxe6 Qxe6 14. Kf1 O-O-O 15. Kg2 Nd7 16. Be3 g6 17. Nh3 f5 18. Rhf1 Rdf8 19. Bxb6 axb6 20.
c3 f4 21. gxf4 exf4 22. d4 Nc7 23. Rae1 Qf6 24. Qf2 Ne6 25. Rg1 g5 26. hxg5 Nxg5 27. Nxg5 Qxg5+ 28. Kf1 Qb5+ 29. Qe2 Qa4 30. Nc1 h4 31.
Rg6 h3 32. Kf2 Qa5 33. Rh1 Qh5 34. Rgg1 Qh4+ 35. Kf1 Nf6 36. Qf2 Qh5 37. Ne2 Qb5 38. b3 Qd3 39. b4 Nxe4 40. fxe4 f3 41. Ke1 Qb1+ 42. Kd2 Qxa2+ 43. Kd3 Qa6+ 44. Ke3 Qc4 45. Rc1 fxe2 46. Qxe2 Qe6 47. Rcf1 Re8 48. Kd3 Rh4 49. Rf3 b5 50. e5 dxe5 51. dxe5 Qc4+ 52. Kd2 Rd8+ 53.
Ke1 Qg4 54. Rfxh3 Qxe2+ 55. Kxe2 Re4+ 56. Re3 Rxe3+ 57. Kxe3 Re8 58. Ke4 Kd7 59. Rh7+ Kc8 60. Kf5 Rf8+ 61. Kg5 Rf3 62. e6 Rxc3 63. Rh8+ Kc7 64. e7 Re3 65. e8=Q Rxe8 66. Rxe8 b6 67. Re6 Kd7 68. Rh6 Kc7 69. Kf5 c5 70. Ke5 cxb4 71. Kd4 Kb7 72. Kd3 Ka6 73. Kc2 Ka5 74. Kb3 Ka6 75. Kxb4 Ka7 76. Kxb5 Kb7 77. Rh7+ Kc8 78. Kxb6 Kd8 79. Kc6 Ke8 80. Kd6 Kf8 81. Ke6 Kg8 82. Rf7 Kh8 83. Kf6 Kg8 84. Kg6 Kh8 85. Rf8# 1-0

[Event "*** Titled Tuesday 3|2 Blitz"]
[Site "Chess.com"]
[Date "2016.07.05"]
[Round "6"]
[White "Alliswell998"]
[Black "oskariot"]
[Result "1-0"]
[WhiteElo "2182"]
[BlackElo "2283"]
[TimeControl "180+2"]
[EndTime "18:18:29 PDT"]
[Termination "Alliswell998 won by resignation"]

1. e4 c5 2. Nc3 e6 3. Nf3 d6 4. d4 cxd4 5. Nxd4 Nf6 6. Be3 a6 7. Bc4 b5 8. Bb3 b4 9. Na4 Nxe4 10. O-O Be7 11. Qg4 Nf6 12. Qxg7 Rg8 13. Qh6 Bb7 14.
f3 Rg6 15. Qh3 Nbd7 16. Rfe1 Ne5 17. Rad1 Qc7 18. Kh1 O-O-O 19. c3 bxc3 20. Rc1 Kb8 21. Rxc3 Qa5 22. a3 Rdg8 23. Re2 Nd5 24. Bxd5 Bxd5 25.
b3 Bb7 26. Bd2 Qd5 27. Be3 Bd8 28. Rc1 f5 29. Nc3 Qa5 30. b4 Qxa3 31. Ra2 Qxb4 32. Nce2 Bb6 33. Raa1 Nd3 34. Rab1 Nxc1 35. Rxb4 Nxe2 36.
Rxb6 Nxd4 37. Bxd4 e5 38. Qxh7 R6g7 39. Rxb7+ Kxb7 40. Qxf5 exd4 41. Qe4+ Kc7 42. Qxd4 Rxg2 43. Qc4+ Kd7 44.
Qf7+ Kc6 45. Qc4+ Kb6 46. Qb4+ Ka7 47. Qd4+ Kb7 48. Qb4+ Kc7 49. Qa5+ Kd7 50. Qa4+ Ke7 51. Qe4+ Kf6 52. Qf4+ Ke6 53. Qc4+ d5 54. Qc6+ Ke5 55. Qc7+ Kd4 56. Qb6+ Kd3 57. Qxa6+ Ke3 58. Qa3+ Kf4 59. Qd6+ Kxf3 60. Qxd5+ Kf2 61. Qd4+ Kf1 62. Qd3+ Kf2 63. Qd2+ Kf1 64. Qf4+ Ke2 65. Qe4+ Kf2 66. Qf5+ Ke1 67. Qa5+ Kf1 68. Qb5+ Kf2 69. Qc5+ Kf1 70.
Qc1+ Kf2 71. Qd2+ Kf1 72. Qd3+ Kf2 73. Qf5+ Ke1 74. Qe4+ Kf1 75. Qf3+ Ke1 76. Qxg2 Rxg2 77. Kxg2 Ke2 78. Kg3 Ke3 79. h4 Ke4 80. Kg4 Ke5 81. Kg5 Ke6 82. Kg6 Ke7 83. Kg7 Ke6 84. h5 Kd5 85. h6 Ke4 86. h7 Kd3 87. h8=Q Kc2 88. Qd8 1-0

[Event "*** Titled Tuesday 3|2 Blitz"]
[Site "Chess.com"]
[Date "2016.07.05"]
[Round "6"]
[White "Astaneh"]
[Black "DanielNaroditsky"]
[Result "1/2-1/2"]
[WhiteElo "2465"]
[BlackElo "2668"]
[TimeControl "180+2"]
[EndTime "18:19:20 PDT"]
[Termination "Game drawn - insufficient material"]

1. e4 e5 2. Nf3 Nc6 3. Nc3 Nf6 4.
Bb5 Bd6 5. O-O O-O 6. Bxc6 dxc6 7. h3 c5 8. d3 a6 9. a4 b6 10. b3 Nd7 11. Nd2 Bb7 12. Nc4 Be7 13. f4 exf4 14. Bxf4 Bf6 15. Qd2 Bd4+ 16. Kh1 f5 17. Rae1 fxe4 18.
Nxe4 Nf6 19. c3 Nxe4 20. dxe4 Bf6 21. Qxd8 Raxd8 22. Bxc7 Rd3 23. Bxb6 Re8 24. Rf3 Rxc3 25. Bxc5 Bxe4 26. Nd6 Rxc5 27. Nxe4 Kf8 28. Nxc5 Rxe1+ 29. Kh2 Ke7 30. Nd3 Rb1 31. Nb4 Be5+ 32. g3 Rb2+ 33. Kh1 Bd6 34. Nxa6 h5 35. b4 g5 36. g4 h4 37. b5 Bg3 38. Kg1 Kd6 39.
Kf1 Kd5 40. Re3 Kd4 41. Re2 Rb1+ 42. Kg2 Kd3 43. Ra2 Bd6 44. Rf2 Bg3 45. Ra2 Bd6 46. Rf2 Ra1 47. b6 Rxa4 48. Nc7 Rb4 49. Ne6 Bg3 50.
Rf5 Rb2+ 51. Kg1 Rxb6 52. Nxg5 Ke2 53. Kg2 Rb2 54. Kg1 Rb1+ 55. Kg2 Rb2 56. Kg1 Bc7 57. Ne4 Bb6+ 58. Kh1 Ke3 59. Ng5 Rb1+ 60. Kg2 Rb2+ 61.
Kh1 Rb1+ 62. Kg2 Rb2+ 63. Kh1 Bc7 64. Rf3+ Ke2 65. Kg2 Ke1+ 66. Kh1 Ke2 67. Rc3 Bf4 68. Ne6 Be3 69. Kg2 Rb1 70. Rc2+ Kd3 71. Ra2 Ke4 72. Ra4+ Kd3 73. Ra3+ Ke4 74. Ra4+ Ke5 75. Nf8 Rg1+ 76. Kh2 Rb1 77. Ng6+ Kf6 78. Nxh4 Rb2+ 79. Kh1 Rb1+ 80. Kg2 Rb2+ 81. Kf3 Bc5 82. Ra6+ Kg5 83. Ng2 Rb3+ 84. Ke4 Rxh3 85. Ra5 Rc3 86. Kd5 Bf2 87. Ra2 Rf3 88. Ke4 Rf8 89. Kd3 Kxg4 90. Ne3+ Kf3 91. Nc4 Rd8+ 92.
Kc3 Rc8 93. Kd3 Rd8+ 94. Kc3 Rc8 95. Kb4 Rb8+ 96. Kc3 Rc8 97. Kd3 Rd8+ 98. Kc3 Be1+ 99. Kc2 Ke2 100. Kb3+ Bd2 101. Rxd2+ Rxd2 102. Nxd2 1/2-1/2

[Event "*** Titled Tuesday 3|2 Blitz"]
[Site "Chess.com"]
[Date "2016.07.05"]
[Round "7"]
[White "FearlessKing64"]
[Black "anon97531"]
[Result "1-0"]
[WhiteElo "2122"]
[BlackElo "2267"]
[TimeControl "180+2"]
[EndTime "18:22:53 PDT"]
[Termination "FearlessKing64 won by resignation"]

1. e4 e5 2. Nf3 Nc6 3. Bc4 Nf6 4.
d4 exd4 5. e5 d5 6. Bb5 Ne4 7.
Nxd4 Bd7 8. Bxc6 bxc6 9. Be3 Bc5 10. Nd2 Nxd2 11. Qxd2 Bb6 12. O-O c5 13. Bg5 Qc8 14. Nb3 Bc6 15. Qf4 h6 16. Bh4 g5 17. Qf6 Rg8 18.
Qxc6+ Qd7 19. Qxa8+ 1-0

[Event "*** Titled Tuesday 3|2 Blitz"]
[Site "Chess.com"]
[Date "2016.07.05"]
[Round "7"]
[White "AlexanderL"]
[Black "Hikaru"]
[Result "0-1"]
[WhiteElo "2559"]
[BlackElo "2987"]
[TimeControl "180+2"]
[EndTime "18:24:37 PDT"]
[Termination "Hikaru won by resignation"]

1. d4 Nf6 2. c4 e6 3. Nc3 Bb4 4. Qc2 O-O 5. Nf3 d5 6. a3 Bxc3+ 7. Qxc3 dxc4 8. Qxc4 b6 9. Bg5 Ba6 10. Qa4 Qd7 11. Qxd7 Nbxd7 12. Rc1 Ne4 13. Rxc7 Rfc8 14.
Rxd7 Bb5 15. Re7 Kf8 16. Rb7 Ba6 17. Rd7 Bb5 18. Rb7 Bc6 19. Rxf7+ Kxf7 20. Ne5+ Kg8 21. Be3 Bb5 22. f3 Nf6 23. Bd2 Rc2 24. b3 Rb2 25. a4 Be8 26. g3 Rxb3 27. Bh3 Rb1+ 28. Kf2 Rxh1 29. Bxe6+ Kh8 30. h4 0-1

[Event "*** Titled Tuesday 3|2 Blitz"]
[Site "Chess.com"]
[Date "2016.07.05"]
[Round "7"]
[White "DanielNaroditsky"]
[Black "MaestroASK"]
[Result "1-0"]
[WhiteElo "2672"]
[BlackElo "2491"]
[TimeControl "180+2"]
[EndTime "18:24:52 PDT"]
[Termination "DanielNaroditsky won by resignation"]

1. d4 d6 2. Nf3 g6 3. e4 Bg7 4. Nc3 e5 5. Bc4 Nd7 6. Bxf7+ Kxf7 7. Ng5+ Ke8 8. Ne6 Qe7 9. Nxc7+ Kd8 10. N3d5 Qf7 11.
Nxa8 exd4 12. Bg5+ Ngf6 13. Qxd4 h6 14. Bxf6+ Bxf6 15. Nxf6 Qxf6 16. Qxf6+ Nxf6 17. O-O-O Nxe4 18. Rhe1 Nxf2 19. Rxd6+ Bd7 20. Re2 Rf8 21. Red2 Rf7 22. Rxd7+ Rxd7 23. Rxf2 Ke7 24. Rf3 1-0

[Event "*** Titled Tuesday 3|2 Blitz"]
[Site "Chess.com"]
[Date "2016.07.05"]
[Round "7"]
[White "EltajSafarli"]
[Black "E-Shaposhnikov"]
[Result "1/2-1/2"]
[WhiteElo "2831"]
[BlackElo "2683"]
[TimeControl "180+2"]
[EndTime "18:24:55 PDT"]
[Termination "Game drawn by repetition"]

1. e4 c5 2. Nf3 e6 3. d4 cxd4 4. Nxd4 a6 5. Nc3 Qc7 6. g3 Bb4 7. Bd2 Nf6 8. Bg2 Nc6 9. Nb3 Be7 10. O-O O-O 11. f4 Rd8 12. e5 Ne8 13. Qe2 d6 14. exd6 Nxd6 15. Be3 b5 16. Bf2 Nf5 17. Rad1 Bb7 18.
Ne4 Nb4 19. c3 Nd5 20. Nd4 Rac8 21. Kh1 Nxd4 22. Bxd4 Bf8 23. f5 e5 24. Bg1 f6 25.
Rd2 Nb6 26. Bxb6 Qxb6 27. Rfd1 Rxd2 28. Nxd2 Rd8 29. Be4 g6 30. Qf3 Bxe4 31. Nxe4 Rxd1+ 32. Qxd1 gxf5 33. Qd5+ Kg7 34. Qd7+ Kg6 35. Qe8+ Kg7 36. Qd7+ Kg6 37. Qe8+ Kg7 38. Qd7+ Kg6 1/2-1/2

[Event "*** Titled Tuesday 3|2 Blitz"]
[Site "Chess.com"]
[Date "2016.07.05"]
[Round "7"]
[White "FairChess_on_YouTube"]
[Black "pedromartinez91"]
[Result "1-0"]
[WhiteElo "2715"]
[BlackElo "2318"]
[TimeControl "180+2"]
[EndTime "18:25:25 PDT"]
[Termination "FairChess_on_YouTube won on time"]

1. e4 c5 2. Nf3 Nc6 3. d4 cxd4 4. Nxd4 g6 5. Nc3 Bg7 6. Be3 Nf6 7. Bc4 O-O 8. Bb3 d6 9. f3 Qa5 10. Qd2 Nxd4 11.
Bxd4 Be6 12. Bxe6 fxe6 13. O-O-O Rac8 14. Kb1 Rc4 15. Ne2 Qa6 16. b3 Rc6 17. Bb2 e5 18. c4 Rfc8 19. Nc3 Qb6 20. h4 a6 21. Nd5 Qd8 22. Bxe5 Nxe4 23. fxe4 Bxe5 24. h5 e6 25. hxg6 exd5 26. Qxd5+ Kg7 27. Qf7+ 1-0

[Event "*** Titled Tuesday 3|2 Blitz"]
[Site "Chess.com"]
[Date "2016.07.05"]
[Round "7"]
[White "matein28"]
[Black "Viaje"]
[Result "0-1"]
[WhiteElo "2360"]
[BlackElo "2144"]
[TimeControl "180+2"]
[EndTime "18:26:27 PDT"]
[Termination "Viaje won by checkmate"]

1. d4 Nf6 2. c4 c5 3. Nf3 cxd4 4. Nxd4 e5 5. Nb5 d5 6. cxd5 Bc5 7. e3 O-O 8. Be2 e4 9. a3 a5 10. N1c3 Re8 11.
O-O Bf5 12. Rb1 Nbd7 13. b4 axb4 14. axb4 Bf8 15. f3 exf3 16. gxf3 Bxb1 17. Nxb1 Bxb4 18. Qb3 Bc5 19. Kh1 Re5 20. e4 Qb6 21. Bf4 Ree8 22. N1c3 Ra3 23. Qc4 Ne5 24. Bxe5 Rxe5 25. Na4 Rxa4 26.
Qxa4 h6 27. Qc4 Rh5 28. f4 Rh3 29. e5 Nh5 30. Kg2 Rh4 31. Qe4 g5 32. Bd3 Nxf4+ 33. Rxf4 Rxf4 34. Qh7+ Kf8 35. Qh8+ Ke7 36. d6+ Kd7 37. Qf8 Qc6+ 38. Kg3 Qf3# 0-1

[Event "*** Titled Tuesday 3|2 Blitz"]
[Site "Chess.com"]
[Date "2016.07.05"]
[Round "7"]
[White "Superfelix"]
[Black "Konavets"]
[Result "0-1"]
[WhiteElo "2340"]
[BlackElo "2525"]
[TimeControl "180+2"]
[EndTime "18:26:41 PDT"]
[Termination "Konavets won by resignation"]

1. e4 a6 2. d4 b5 3. c3 Bb7 4. Bd3 Nf6 5. Qe2 e6 6. Nf3 d5 7. e5 Nfd7 8. Bg5 Be7 9. h4 c5 10. Nbd2 Nc6 11. a3 Qb6 12. Bxe7 Kxe7 13. Qe3 h6 14. Rh3 a5 15. Rg3 g6 16. Qf4 b4 17. c4 Nxd4 18. Nxd4 cxd4 19. cxd5 Bxd5 20. Ne4 Bxe4 21. Bxe4 Rac8 22. axb4 Qxb4+ 23. Kf1 Qb5+ 24. Kg1 Qxe5 25. Qxe5 Nxe5 26. Rxa5 Rc1+ 27. Kh2 Kf6 28. f4 Nd7 29. h5 Nc5 30. Bf3 g5 31. fxg5+ hxg5 32. b4 Nd3 33. Bg4 Ne5 34. Be2 d3 35.
Rxe5 Kxe5 36. Rxd3 f5 37. Re3+ Kf6 38. b5 g4 39. Kg3 Kg5 40. Rxe6 Rxh5 41. Re5 Rc3+ 42. Kf2 Kf4 43. Rd5 Rh1 44. Rd4+ Ke5 45. Rd3 Rxd3 46. Bxd3 f4 47. b6 Rh6 48. Be2 g3+ 49. Kf3 Rxb6 50. Kg4 Rb2 51. Bf3 Rf2 52. Bb7 Kd4 53. Ba8 Ke3 54. Bb7 Ke2 55. Ba8 Kf1 56. Kh3 Ra2 57. Bf3 Kg1 58. Bd5 Ra5 59. Bf3 Rg5 60. Kh4 Rg7 61.
Kh3 Rh7+ 62. Kg4 Kf2 63. Kxf4 Rh2 0-1